Workbook

Sheet Feuil1
A1: Participe | B1: Evaluation | C1: Prénom | D1: Colonne1 | E1: Nom | F1: Colonne2 | G1: Affiliation | H1: Colonne3 | I1: Colonne4 | J1: Colonne5 | K1: Titre (paper 1) | L1: Titre (paper 2) | M1: Titre (paper 3) | N1: Titre (paper 4)
A2: 1 | C2: Anouk Jasmine | D2: Anouk Jasmine | E2: Albien | F2: Albien | G2: University of Lausanne (UNIL) - Institute of Psychology (IP) | H2: Institute of Psychology | K2: Self-initiated expatriates in Switzerland: Exploring expatriate adjustment according to intentions to stay, time dependent factors, and cultural distance
C3: Ole A. | D3: Ann-Christin | E3: Andreassen | F3: Bächmann | G3: University of Oslo (UiO) | H3: Institute for Employment Research | K3: No Evidence for Causal Effects of Maternal and Paternal Ages at First Birth on Children’s Test Scores at Age 10
C4: Jean-Philippe | D4: Sebastian | E4: Antonietti | F4: Bähr | G4: University of Lausanne (UNIL) - Institute of Psychology (IP) | H4: Institute for Employment Research (IAB) | K4: Religion declines in three stages world-wide
C5: Oliver | D5: Fiacre | E5: Arranz-Becker | F5: BAZIE | G5: Martin Luther University Halle-Wittenberg (MLU) | H5: Issp-Bf | K5: Health effects of own and partner’s unemployment and job insecurity. New longitudinal evidence for Germany.
B6: 0 | C6: Damaris | D6: Maximilian | E6: Aschwanden | F6: Becker | G6: University of Geneva (UNIGE) | H6: Goethe University Frankfurt | K6: Adolescent personality as life course predictor across more than five decades
C7: Fartein | D7: Rolf | E7: Ask Torvik | F7: Becker | G7: Norwegian Institue of Public Health (NIPH) | H7: University of Bern (Dept. Sociology of Education) | K7: No Evidence for Causal Effects of Maternal and Paternal Ages at First Birth on Children’s Test Scores at Age 10
A8: 1 | C8: Ann-Christin | D8: Stéphane | E8: Bächmann | F8: Benveniste | G8: Leibniz Institute for Educational Trajectories (LfBi) | H8: French Institute for Demographic Studies (INED) | K8: Daddy home alone: Which (organizational) factors promote the parental leave take-up of fathers in Germany and what are the career consequences of taking parental leave?
C9: Marie | D9: Ariane | E9: Baeriswyl | F9: Bertogg | G9: University of Geneva (UNIGE) - Center for the Interdisciplinary Study of Gerontology and Vulnerability (CIGEV) | H9: University of Konstanz | K9: Financial support given by older adults to family members in a configurational perspective
C10: Stéphanie | D10: FEI | E10: Baggio | F10: BIAN | G10: University of Bern (UBE) | H10: UNIL | K10: Patterns of resources and strains in family networks: Some evidence of cumulative inequality in life course health
A11: 1 | C11: Sebastian | D11: Danilo | E11: Bähr | F11: Bolano | G11: Institute for Employment Research (IAB) | H11: Bocconi University | K11: Latent and manifest benefits of work (LAMB) in a large-scale German survey
C12: Nicoletta | D12: Giuliano | E12: Balbo | F12: Bonoli | G12: Bocconi University | H12: University of Lausanne | K12: Child Disability: a shaping factor of the parental life course. A study based on population register data
C13: Paolo | D13: Andréa | E13: Barbieri | F13: Borges | G13: University of Trento (UNITN) | H13: University of Lausanne | K13: Unstable careers and life-course income penalty. An age-cohort analysis of the economic consequences of de-standardized work trajectories in Germany and the UK
C14: Paolo | D14: Christina | E14: Barbieri | F14: Bornatici | G14: University of Trento (UNITN) | H14: FORS / UNIL | K14: Who remains single? A macro-micro approach to lifelong singlehood over Italian cohorts
B15: 1 | C15: Marija | D15: Laura | E15: Bashevska | F15: Buchinger | G15: University of Milan (UNIMI) | H15: German Socio-Economic Panel | K15: Essential workers in times of Covid-19 – re-assessing theoretical explanations for couples’ division of housework for a special group in special times
C16: Bernad | D16: Marlis | E16: Batinic | F16: Buchmann | G16: Johannes Kepler university (JKU) | H16: University of Zurich | K16: Latent and manifest benefits of work (LAMB) in a large-scale German survey
A17: 1 | B17: 1 | C17: Fiacre | D17: Claudine | E17: Bazie | F17: Burton-Jeangros | G17: University Joseph KI-Zerbo (UJKZ / Institut Supérieur des Sciences de la Population (ISSP) | H17: University of Geneva, Department of Sociology | K17: PhD Student/Research Assistant/Hôte académique Unige
B18: 0 | C18: Maximilian | D18: Mar | E18: Becker | F18: C. Espadafor | G18: Goethe University Frankfurt | H18: UNED | K18: A Life Course framing of the Effect of Affinity Bias on Trust at Work
C19: Rolf | D19: Beatrice | E19: Becker | F19: Caniglia | G19: University of Bern (UBE) | H19: University of Trento | K19: Socio-economic change and intergenerational class mobility: A dynamic analysis of the experiences of West Germans born between 1929 and 1971
C20: Stéphane | D20: Leandro Iv√°n | E20: Benveniste | F20: Canzio | G20: French Institute for Demographic Studies (INED) | H20: University of Konstanz | K20: Parental death in childhood and wealth accumulation during adulthood
C21: Laura | D21: Cristian | E21: Bernardi | F21: Carmeli | G21: University of Lausanne (UNIL) | H21: Population Health Laboratory (#PopHealthLab), University of Fribourg | K21: Maternal gatekeeping in post-separation families: a dynamic perspective:
C22: Fabrizio | D22: Subin | E22: Bernardi | F22: Chang | G22: European University Institute (EUI) | H22: Goethe University Frankfurt | K22: The month-of-birth effect on parents' expectations of university completion: an improved test on the stickiness of educational expectations
B23: 1 | C23: Ariane | D23: Oana | E23: Bertogg | F23: Ciobanu | G23: Ludwig Maximilian University of Munich (LMU) / University of Konstanz | H23: University of Applied Sciences and Arts Western Switzerland | K23: Did Internet Use Protect Older Adults’ Mental Health During Covid? It Depends on Their Offline Contacts!
C24: Fei | D24: Matthias | E24: Bian | F24: Collischon | G24: University of Lausanne (UNIL) | H24: Institute for Employment Research (IAB) | K24: Partnership Dissolution and Women’s Occupational Status: How Pre-Separation Couple Type Matters
C25: Erik | D25: Chiara Ludovica | E25: Bihagen | F25: Comolli | G25: Swedish Institute for Social Research (SOFI) | H25: University of Bologna | K25: Later and less? New Evidence on Occupational Maturity for Swedish Women and Men
C26: Klaus | D26: Stéphane | E26: Birkelbach | F26: Cullati | G26: University of Duisburg-Essen (DUE) | H26: University of Fribourg | K26: Prof. Dr.
C27: Danilo | D27: Nora | E27: Bolano | F27: Dasoki | G27: Bocconi University | H27: FORS | K27: Child Disability: a shaping factor of the parental life course. A study based on population register data
C28: Giuliano | D28: Christian | E28: Bonoli | F28: Deindl | G28: University of Lausanne (UNIL) | H28: TU Dortmund University | K28: Moral dilemmas in the practice of aspiration management: coping strategies among street-level bureaucrats providing integration services to recently arrived migrants
C29: André | D29: Alessandro | E29: Borges | F29: Di Nallo | G29: University of Lausanne (UNIL) Institute of Psychology (IP) | H29: Bocconi University | K29: Careers in dirty work: A qualitative investigation with domestic cleaning workers
B30: 0 | C30: Francesca | D30: Iuna | E30: Borghese | F30: Dones | G30: University of Gröningen (RUG) | H30: University of Applied Sciences and Arts Western Switzerland (HETSL | HES-SO) | K30: Adolescent personality as life course predictor across more than five decades
C31: Christina | D31: Matthias | E31: Bornatici | F31: Enggist | G31: University of Lausanne (UNIL) / Swiss Centre of Expertise in the Social Sciences (FORS) | H31: Universit√© de Lausanne | K31: Undoing Gender in Switzerland: Couples’ Gender Role Attitudes and New Parents' Employment Behaviours
C32: Sandra | D32: Frederike | E32: Buchholz | F32: Esche | G32: University of Bamberg | H32: University of Hamburg | K32: The role of personality traits in high school graduates intention to enrol in higher education – resource substitution, structural amplification or cumulative advantage?
C33: Marlis | D33: Guillaume | E33: Buchmann | F33: Fernandez | G33: University of Zurich (UZH) | H33: University og Geneva, Institute of sociological research | K33: Do discrepancies between student and teacher judgment across students’ educational trajectory matter for the development of motivation and self-esteem?
C34: Felix | D34: Alessandro | E34: Bühlmann, | F34: Ferrara | G34: University of Lausanne (UNIL) | H34: WZB / European University Institute | K34: Does employability help to cope with job insecurity? An analysis of workers' well-being with Swiss panel data
C35: Claudine | D35: William | E35: Burton-Jeangros | F35: Foley | G35: University of Geneva (UNIGE) | H35: Universidad Carlos III de Madrid | K35: Consequences of legal status regularization on life satisfaction. Factors affecting men and women's well-being among newly regularized and undocumented migrants
B36: 1 | C36: Claudine | D36: Flavia | E36: Burton-Jeangros | F36: Fossati | G36: University of Geneva (UNIGE) | H36: University Lausanne | K36: Social determinants of healthcare for noncommunicable diseases among undocumented migrants: a scoping review
C37: Beatrice | D37: Olga | E37: Caniglia | F37: Ganjour | G37: University of Trento (UNITN) | H37: University of Geneva | K37: Who remains single? A macro-micro approach to lifelong singlehood over Italian cohorts
C38: Leandro Iván | D38: Vanessa | E38: Canzio | F38: Gash | G38: University of Lausanne (UNIL) | H38: City, University of London | K38: Does employability help to cope with job insecurity? An analysis of workers' well-being with Swiss panel data
C39: Cristian | D39: Jacques-Antoine | E39: Carmeli | F39: Gauthier | G39: University of Fribourg (UNIFR) | H39: University of Lausannne | K39: Simulating population interventions on health behaviours or on adverse family environments in adolescence to compare their impact on socioeconomic inequalities in adult cardiometabolic risk and disease: a Finnish prospective cohort study
C40: Subin | D40: Gaia | E40: Chang | F40: Ghirardi | G40: Goethe University Frankfurt | H40: European University Institute (EUI) | K40: Like father, like son? Fathers’ and sons’ work-family trajectories upon the German reunification
B41: 1 | C41: Mengling | D41: Filippo | E41: Cheng | F41: Gioachin | G41: University of Lausanne (UNIL) | H41: University of Trento | K41: Unraveling The Puzzle: Exploring The Lifelong Impact of Socioeconomic Position throughout the Life Course on Cognitive Health in Later Life
B42: 0 | C42: Arnaud | D42: Myriam | E42: Chiolero | F42: Girardin | G42: University of Fribourg (UNIFR) | H42: CIGEV, Universit√© de Gen√®ve | K42: Sequence analysis in life course epidemiology: employment trajectories and cancer in women
C43: Juliana | D43: Dawid | E43: Chueri | F43: Gondek | G43: University of Lausanne (UNIL) / Swiss Graduate School of Public Administration (IDHEAP) | H43: FORS | K43: Why waste my brain? Student loans attribution in times of skill shortage in Western countries
B44: 0 | C44: Heejung | D44: Kimberly | E44: Chung | F44: Goulart | G44: University of Kent | H44: University of Zurich | K44: Does working from home bring more babies? Homeworking intensity, Gender Role Attitudes, and Fertility intentions in the UK
C45: Ruxandra Oana | D45: Michael | E45: Ciobanu | F45: Grätz | G45: University of Applied Sciences and Arts Western Switzerland (HES-SO) | H45: Umi | K45: Scaling down transnationalism: Comparing international and internal migrants’ geographical attachment
C46: Matthias | D46: Raffaele | E46: Collischon | F46: Grotti | G46: Institute for Employment Research (IAB) | H46: University of Trento | K46: Latent and manifest benefits of work (LAMB) in a large-scale German survey
C47: Chiara Ludovica | D47: Jan | E47: Comolli | F47: Heisig | G47: University of Bologna (UNIBO) | H47: WZB Berlin Social Science Center | K47: Social Uncertainty and fertility intentions: from the Great Recession to the Covid-19 crisis
C48: Liala | D48: Louis | E48: Consoli | F48: Henderson | G48: University of Geneva (UNIGE) - Center for the Interdisciplinary Study of Gerontology and Vulnerability (CIGEV) | H48: University of Oxford | K48: Consequences of legal status regularization on life satisfaction. Factors affecting men and women's well-being among newly regularized and undocumented migrants
B49: 1 | C49: Min | D49: Adar | E49: Cui | F49: Hoffman | H49: UNIL | K49: Investing Like My Parents: Do Parents Affect Children's Risk Taking Behavior?
B50: 1 | C50: Stéphane | D50: Heather | E50: Cullati | F50: Hofmeister | G50: University of Fribourg (UNIFR) / University of Geneva (UNIGE) | H50: Goethe University Frankfurt | K50: Unraveling The Puzzle: Exploring The Lifelong Impact of Socioeconomic Position throughout the Life Course on Cognitive Health in Later Life
B51: 1 | C51: Kamila | D51: Sandra | E51: Cygan-Rehm | F51: Hupka-Brunner | G51: Leibniz Institute for Educational Trajectories (LfBi) | H51: Uni Bern, Sociology, TREE | K51: Long-run effects of wage subsidies on maternal labor market outcomes
C52: Mirkka | D52: Josephine | E52: Danielsbacka | F52: Jackisch | G52: University of Turku (UTU) | H52: Universite de Fribourg | K52: Transition to Widowhood and Subjective Wellbeing: The Buffering Effects of Social Networks
C53: Nora | D53: Moritz | E53: Dasoki | F53: Kaiser | G53: University of Lausanne (UNIL) / Swiss Centre of Expertise in the Social Sciences (FORS) | H53: University of T√ºbingen | K53: How do Swiss older adults assess their past lives? Memories of vulnerability and happiness and life satisfaction
C54: Nan Dirk | D54: Rebecca | E54: De Graaf | F54: Lacey | G54: Nuffield College, University of Oxford | H54: St George's, University of London | K54: Religion declines in three stages world-wide
C55: Christian | D55: Charikleia (Kira) | E55: Deindl | F55: Lampraki | G55: Technical University of Dortmund (TU) | H55: University of Geneva | K55: Employment and family histories and informal caregiving in later life in Europe
C56: Christian | D56: Nicky | E56: Deindl | F56: Le Feuvre | G56: Technical University of Dortmund (TU) | H56: UNIL | K56: The impact of providing care in mid-life on employment transitions in Europe
C57: Giorgio | D57: Claire | E57: Di Gessa | F57: Leeming | G57: University College London (UCL) | H57: University of Lausanne | K57: The mental and physical health effects of transitions into unpaid caregiving: a longitudinal, propensity score analysis
C58: Giorgio | D58: Mathias | E58: Di Gessa | F58: Lerch | G58: University College London (UCL) | H58: Urban Demography Lab - EPFL | K58: The impact of providing care in mid-life on employment transitions in Europe
C59: Giorgio | D59: Olga | E59: Di Gessa | F59: Leshchenko | G59: University College London (UCL) | H59: University of Konstanz | K59: The mental and physical health effects of providing sandwich care in the UK: a longitudinal, propensity score analysis in the UK Household Longitudinal Study
C60: Giorgio | D60: Yang | E60: Di Gessa | F60: Li | G60: University College London (UCL) | H60: UNIL | K60: Employment and family histories and informal caregiving in later life in Europe
C61: Alessandro | D61: Sebastian | E61: Di Nallo | F61: Mader | G61: Bocconi University | H61: University of Bern | K61: Mental Health Around Live and Non-live births
C62: Luna | D62: Paolo | E62: Dones | F62: Martinelli | G62: University of Applied Sciences and Arts Western Switzerland (HES-SO) - Faculty of Social Work & Occupational Therapy Department (HETSL) | H62: IP | K62: Scaling down transnationalism: Comparing international and internal migrants’ geographical attachment
C63: Frederike | D63: Anne | E63: Esche | F63: McMunn | G63: University of Hamburg | H63: University College London | K63: Higher, further, faster? Investigating the relative effect of parents’ socioeconomic position on a person’s life satisfaction
... C65: Guillaume | D65: Heiner | E65: Fernandez | F65: Meulemann | G65: University of Geneva (UNIGE) | H65: Institute for Sociology and Social Psychology, Faculty of Ecomic and Social Sciences, University of Cologne | K65: The gendered effects of social capital on the well-being of widowed: Evidence from 16 European countries
B66: 1 | C66: Alessandro | D66: Malgorzata | E66: Ferrara | F66: Mikucka | G66: European University Institute (EUI) | H66: Mannheim University | K66: The impact of parental health shocks on well-being and development in early adulthood: Evidence from Germany
C67: Andreas | D67: Katy | E67: Filser | F67: Morris | G67: IAB | H67: University of Lausanne | K67: Daddy home alone: Which (organizational) factors promote the parental leave take-up of fathers in Germany and what are the career consequences of taking parental leave?
C68: Flavia | D68: Khatia | E68: Fossati | F68: Nadaraia | G68: University of Lausanne (UNIL) / Swiss Graduate School of Public Administration (IDHEAP) | H68: Universidad Carlos III de Madrid | K68: Why waste my brain? Student loans attribution in times of skill shortage in Western countries
C69: Axel | D69: Richard | E69: Franzen | F69: Nennstiel | G69: University of Bern (UBE) | H69: University of Bern | K69: Do friends make us thrive? A panel study on the causal effect of social capital on subjective wellbeing across three European countries (CH, DE, UK)
C70: Corinna | D70: David | E70: Frodermann | F70: Nika | G70: IAB | H70: Deutsches Zentrum f√ºr Hochschul- und Wissenschaftsforschung (DZHW) | K70: Daddy home alone: Which (organizational) factors promote the parental leave take-up of fathers in Germany and what are the career consequences of taking parental leave?
B71: 1 | C71: Martin | D71: Michel | E71: Gädecke | F71: Oris | G71: Berlin Social Science Center (WZB) | H71: Conseil espagnol de la Recherche & LIVES Gen√®ve | K71: Unplanned parenthood and parenthood wage gaps in a life course perspective
C72: Fabian | D72: Matteo | E72: Gander | F72: Piolatto | G72: University of Basel, | H72: University of Konstanz | K72: All in the same boat or not quite? Identifying patterns of experienced change in work aspects and employees’ well-being in times of the pandemic
C73: Olga | D73: CRISTA | E73: Ganjour | F73: PLAK | G73: University of Geneva (UNIGE) | H73: university of limoges | K73: Same-sex family networks in Switzerland: inclusive or exclusive?
C74: Alicia | D74: Jan-Erik | E74: García Sierra | F74: Refle | G74: University of Oxford - Nuffield College | H74: University of Geneva, CIGEV | K74: Skills Beget Skills: Addressing the Role of Mothers’ Occupation-Specific Skills on Children’s Developmental Process
C75: Vanessa | D75: Jenny | E75: Gash | F75: RINALLO | G75: City, University of London | H75: Aix-Marseille Universit√© - LEST | K75: Does It Feel Good to be the Breadwinner? Examining Gender differences in the Well-Being Effects of the Partner Pay Gap across Europe.
C76: Jacques-Antoine | D76: ANG√âLIQUE | E76: Gauthier | F76: ROQUET | G76: University of Lausanne (UNIL) | H76: Ip | K76: The burden of children during the pandemic according to family configurations
C77: Denis | D77: Valentina | E77: Gerstorf | F77: Rotondi | G77: Humboldt University of Berlin (HU) | H77: SUPSI | K77: But did They Want Kids? Life Goals in one's 20s Predict Well-Being in Midlife
C78: Gaia | D78: Carla | E78: Ghirardi | F78: Rowold | G78: European University Institute (EUI) | H78: University of Oxford, Nuffield College | K78: The role of childcare arrangements on social inequalities in children's early competencies
C79: Filippo | D79: Rojin | E79: Gioachin | F79: Sadeghi | G79: University of Trento (UNITN) | H79: Universit√© de Gen√®ve | K79: Unstable careers and life-course income penalty. An age-cohort analysis of the economic consequences of de-standardized work trajectories in Germany and the UK
C80: Filippo | D80: Souleymane | E80: Gioachin | F80: Sanogo | G80: University of Trento (UNITN) | H80: Universit√© de Gen√®ve | K80: The role of childcare arrangements on social inequalities in children's early competencies
C81: Myriam | D81: MARLENE | E81: Girardin | F81: SAPIN | G81: University of Geneva (UNIGE) - Center for the Interdisciplinary Study of Gerontology and Vulnerability (CIGEV) | H81: FORS, Unil | K81: Financial support given by older adults to family members in a configurational perspective
B82: 1 | C82: Aswathikutty | D82: Stefani | E82: Gireesh | F82: Scherer | G82: University College London (UCL) | H82: University of Trento | K82: Unraveling The Puzzle: Exploring The Lifelong Impact of Socioeconomic Position throughout the Life Course on Cognitive Health in Later Life
C83: Kimberly | D83: Roujman | E83: Goulart | F83: Shahbazian | G83: University of Zurich (UZH) | H83: University of Munich | K83: The myth of declining job tenure: the evolution of job tenure in Europe, 1995-2021
C84: Michael | D84: Stefan | E84: Grätz | F84: Sieber | G84: University of Lausanne (UNIL) | H84: Barcelona Institute for Global Health (ISGlobal) | K84: No Evidence for Causal Effects of Maternal and Paternal Ages at First Birth on Children’s Test Scores at Age 10
C85: Davide | D85: Christina | E85: Gritti | F85: Siegert | G85: University of Trento (UNITN) | H85: University of Vienna | K85: Employment instability and material deprivation of young couples: Does formal childcare availability influence parents’ labour supply?
C86: Raffaele | D86: Paul | E86: Grotti | F86: Sinzig | G86: University of Trento (UNITN) | H86: Goethe-University Frankfurt | K86: Employment instability and material deprivation of young couples: Does formal childcare availability influence parents’ labour supply?
C87: Jeanine | D87: Dario | E87: Grütter | F87: Spini | G87: University of Konstanz | H87: UNIL/LIVES | K87: Do discrepancies between student and teacher judgment across students’ educational trajectory matter for the development of motivation and self-esteem?
C88: Michael | D88: Aranya | E88: Grüttner | F88: Sritharan | G88: German Centre for Higher Education Research and Science Studies (DZHW) | H88: ETH Z√ºrich | K88: The role of personality traits in high school graduates intention to enrol in higher education – resource substitution, structural amplification or cumulative advantage?
C89: Conrad | D89: Barbara | E89: Hackett | F89: Stacherl | G89: Pew Research Center | H89: Socio-Economic Panel (SOEP), German Institute for Economic Research (DIW Berlin) | K89: Religion declines in three stages world-wide
B90: 1 | C90: Juho | D90: Stephanie | E90: Hänninen | F90: Steinmetz | G90: European University Institute (EUI) | H90: University of Lausanne | K90: The Adulthood Transitions of Youth Culture Practitioners: Evidence for Lifestyle’s Role in the Second Demographic Transition?
C91: Marieke | D91: J√∂rg | E91: Heers | F91: Stolz | G91: University of Lausanne (UNIL) / Swiss Centre of Expertise in the Social Sciences (FORS) | H91: University of Lausanne | K91: Undoing Gender in Switzerland: Couples’ Gender Role Attitudes and New Parents' Employment Behaviours
B92: 1 | C92: Jan Paul | D92: Matthias | E92: Heisig | F92: Studer | G92: Berlin Social Science Center (WZB) | H92: Universit√© de Gen√®ve | K92: The impact of parental health shocks on well-being and development in early adulthood: Evidence from Germany
C93: Louis | D93: Andrea | E93: Henderson | F93: Succi | G93: University of Oxford | H93: European Commission | K93: Innocence and experience: early childhood education as an externality in late eighteenth-century London
C94: Peter | D94: Cristina | E94: Hilpert | F94: Suero | G94: University of Lausanne (UNIL) - Institute of Psychology (IP) | H94: University of Vienna (Austria) / Carlos III University of Madrid (Spain) | K94: Self-initiated expatriates in Switzerland: Exploring expatriate adjustment according to intentions to stay, time dependent factors, and cultural distance
B95: 0 | C95: Scott M. | D95: elisa | E95: Hofer | F95: tambellini | G95: Oregon Health & Science University (OHSU) | H95: vaestoliitto | K95: Adolescent personality as life course predictor across more than five decades
C96: Adar | D96: Alyssa | E96: Hoffman | F96: Taylor | G96: University of Lausanne (UNIL) | H96: IDHEAP | K96: Conservation of Resources During the COVID-19 Pandemic: Interactive Effects of Resource Status, Loss, and Gain on Depression
C97: Heather | D97: Nhu | E97: Hofmeister | F97: Truong | G97: Goethe University Frankfurt | H97: Stockholm University | K97: Like father, like son? Fathers’ and sons’ work-family trajectories upon the German reunification
B98: 1 | C98: Bettina | D98: Kim | E98: Hünteler | F98: Uittenhove | G98: Max Plan Institute for Human Development (MPIB) | H98: UNIL | K98: For whom does wealth matter more for health? Nativity wealth-health gradient in Norway
C99: Sandra | D99: Leonhard | E99: Hupka-Brunner | F99: Unterlerchner | G99: University of Bern (UBE) | H99: UNIGE | K99: Dr.
C100: Andreas | D100: Ieva | E100: Ihle | F100: Urbanaviciute | G100: University of Geneva (UNIGE) - Center for the Interdisciplinary Study of Gerontology and Vulnerability (CIGEV) | H100: Vilnius University | K100: The Moderating Role of Age on the Link Between Fear of Missing Out and Well-being
C101: Roberto | D101: Mattia | E101: Impicciatore | F101: Vacchiano | G101: University of Bologna (UNIBO) | H101: University of Geneva | K101: Family Migration and Women’s Occupational Attainment over the Life Course. An Empirical Analysis of the Tied Migration Argument in Interregional Internal Migration in Europe.
...

Sheet Feuil2
A1: Feuil1 Colonne F sans doublon | B1: Recherche dans la fauille 1 colone G | C1: Recheche dans la Feuille 1 colonne E | D1: Recherche dans la Feuile 1 colonne H
A2: Albien | B2: =VLOOKUP(A2,Feuil1!$F:$G,2,FALSE) -> University of Lausanne (UNIL) - Institute of Psychology (IP) | C2: =IFERROR(VLOOKUP(A2, Feuil1!$E:$E, 1, FALSE), "") -> Albien | D2: =IFERROR(VLOOKUP(C2,Feuil1!$E:$H,4,FALSE),"") -> Institute of Psychology
A3: Bächmann | B3: =VLOOKUP(A3,Feuil1!$F:$G,2,FALSE) -> University of Oslo (UiO) | C3: =IFERROR(VLOOKUP(A3, Feuil1!$E:$E, 1, FALSE), "") -> Bächmann | D3: =IFERROR(VLOOKUP(C3,Feuil1!$E:$H,4,FALSE),"") -> French Institute for Demographic Studies (INED)
A4: Bähr | B4: =VLOOKUP(A4,Feuil1!$F:$G,2,FALSE) -> University of Lausanne (UNIL) - Institute of Psychology (IP) | C4: =IFERROR(VLOOKUP(A4, Feuil1!$E:$E, 1, FALSE), "") -> Bähr | D4: =IFERROR(VLOOKUP(C4,Feuil1!$E:$H,4,FALSE),"") -> Bocconi University
A5: BAZIE | B5: =VLOOKUP(A5,Feuil1!$F:$G,2,FALSE) -> Martin Luther University Halle-Wittenberg (MLU) | C5: =IFERROR(VLOOKUP(A5, Feuil1!$E:$E, 1, FALSE), "") -> Bazie | D5: =IFERROR(VLOOKUP(C5,Feuil1!$E:$H,4,FALSE),"") -> University of Geneva, Department of Sociology
A6: Becker | B6: =VLOOKUP(A6,Feuil1!$F:$G,2,FALSE) -> University of Geneva (UNIGE) | C6: =IFERROR(VLOOKUP(A6, Feuil1!$E:$E, 1, FALSE), "") -> Becker | D6: =IFERROR(VLOOKUP(C6,Feuil1!$E:$H,4,FALSE),"") -> UNED
A7: Benveniste | B7: =VLOOKUP(A7,Feuil1!$F:$G,2,FALSE) -> Leibniz Institute for Educational Trajectories (LfBi) | C7: =IFERROR(VLOOKUP(A7, Feuil1!$E:$E, 1, FALSE), "") -> Benveniste | D7: =IFERROR(VLOOKUP(C7,Feuil1!$E:$H,4,FALSE),"") -> University of Konstanz
A8: Bertogg | B8: =VLOOKUP(A8,Feuil1!$F:$G,2,FALSE) -> University of Geneva (UNIGE) - Center for the Interdisciplinary Study of Gerontology and Vulnerability (CIGEV) | C8: =IFERROR(VLOOKUP(A8, Feuil1!$E:$E, 1, FALSE), "") -> Bertogg | D8: =IFERROR(VLOOKUP(C8,Feuil1!$E:$H,4,FALSE),"") -> University of Applied Sciences and Arts Western Switzerland
A9: BIAN | B9: =VLOOKUP(A9,Feuil1!$F:$G,2,FALSE) -> University of Bern (UBE) | C9: =IFERROR(VLOOKUP(A9, Feuil1!$E:$E, 1, FALSE), "") -> Bian | D9: =IFERROR(VLOOKUP(C9,Feuil1!$E:$H,4,FALSE),"") -> Institute for Employment Research (IAB)
A10: Bolano | B10: =VLOOKUP(A10,Feuil1!$F:$G,2,FALSE) -> Institute for Employment Research (IAB) | C10: =IFERROR(VLOOKUP(A10, Feuil1!$E:$E, 1, FALSE), "") -> Bolano | D10: =IFERROR(VLOOKUP(C10,Feuil1!$E:$H,4,FALSE),"") -> FORS
A11: Bonoli | B11: =VLOOKUP(A11,Feuil1!$F:$G,2,FALSE) -> Bocconi University | C11: =IFERROR(VLOOKUP(A11, Feuil1!$E:$E, 1, FALSE), "") -> Bonoli | D11: =IFERROR(VLOOKUP(C11,Feuil1!$E:$H,4,FALSE),"") -> TU Dortmund University
A12: Borges | B12: =VLOOKUP(A12,Feuil1!$F:$G,2,FALSE) -> University of Trento (UNITN) | C12: =IFERROR(VLOOKUP(A12, Feuil1!$E:$E, 1, FALSE), "") -> Borges | D12: =IFERROR(VLOOKUP(C12,Feuil1!$E:$H,4,FALSE),"") -> Bocconi University
A13: Bornatici | B13: =VLOOKUP(A13,Feuil1!$F:$G,2,FALSE) -> University of Trento (UNITN) | C13: =IFERROR(VLOOKUP(A13, Feuil1!$E:$E, 1, FALSE), "") -> Bornatici | D13: =IFERROR(VLOOKUP(C13,Feuil1!$E:$H,4,FALSE),"") -> Universit√© de Lausanne
... A134: Zuber | B134: =VLOOKUP(A134,Feuil1!$F:$G,2,FALSE) -> University of Geneva (UNIGE) | C134: =IFERROR(VLOOKUP(A134, Feuil1!$E:$E, 1, FALSE), "") -> Zuber | D134: =IFERROR(VLOOKUP(C134,Feuil1!$E:$H,4,FALSE),"") -> 0

Sheet Feuil3
A1: Albien | B1: Albien | C1: 1 | D1: =VLOOKUP(B1,A:C,3,FALSE) -> 1
A2: Andreassen | B2: Bächmann | C2: 1 | D2: =VLOOKUP(B2,A:C,3,FALSE) -> 1
A3: Antonietti | B3: Bähr | C3: 1 | D3: =VLOOKUP(B3,A:C,3,FALSE) -> 1
A4: Arranz-Becker | B4: BAZIE | C4: 1 | D4: =VLOOKUP(B4,A:C,3,FALSE) -> 1
A5: Aschwanden | B5: Becker | C5: 1 | D5: =VLOOKUP(B5,A:C,3,FALSE) -> 1
A6: Ask Torvik | B6: Becker | C6: 1 | D6: =VLOOKUP(B6,A:C,3,FALSE) -> 1
A7: Bächmann | B7: Benveniste | C7: 1 | D7: =VLOOKUP(B7,A:C,3,FALSE) -> 1
A8: Baeriswyl | B8: Bertogg | C8: 1 | D8: =VLOOKUP(B8,A:C,3,FALSE) -> 1
A9: Baggio | B9: BIAN | C9: 1 | D9: =VLOOKUP(B9,A:C,3,FALSE) -> 1
A10: Bähr | B10: Bolano | C10: 1 | D10: =VLOOKUP(B10,A:C,3,FALSE) -> 1
A11: Balbo | B11: Bonoli | C11: 1 | D11: =VLOOKUP(B11,A:C,3,FALSE) -> 1
A12: Barbieri | B12: Borges | C12: 1 | D12: =VLOOKUP(B12,A:C,3,FALSE) -> 1
... A134: Lampraki | B134: Zuber | C134: 1 | D134: =VLOOKUP(B134,A:C,3,FALSE) -> 1
A135: Lampraki | C135: 1 | D135: =VLOOKUP(B135,A:C,3,FALSE) -> #N/A
A136: Lampraki | C136: 1 | D136: =VLOOKUP(B136,A:C,3,FALSE) -> #N/A
A137: Lampraki | C137: 1 | D137: =VLOOKUP(B137,A:C,3,FALSE) -> #N/A
A138: Lampropoulos | C138: 1 | D138: =VLOOKUP(B138,A:C,3,FALSE) -> #N/A
A139: Le Feuvre | C139: 1 | D139: =VLOOKUP(B139,A:C,3,FALSE) -> #N/A
A140: le Goff | C140: 1 | D140: =VLOOKUP(B140,A:C,3,FALSE) -> #N/A
A141: Leeming | C141: 1 | D141: =VLOOKUP(B141,A:C,3,FALSE) -> #N/A
A142: Lerch | C142: 1 | D142: =VLOOKUP(B142,A:C,3,FALSE) -> #N/A
A143: Leshchenko | C143: 1 | D143: =VLOOKUP(B143,A:C,3,FALSE) -> #N/A
A144: Leturcq | C144: 1 | D144: =VLOOKUP(B144,A:C,3,FALSE) -> #N/A
A145: Li | C145: 1 | D145: =VLOOKUP(B145,A:C,3,FALSE) -> #N/A
A146: Lu | C146: 1 | D146: =VLOOKUP(B146,A:C,3,FALSE) -> #N/A
... A277: Zuffiano | C277: 1 | D277: =VLOOKUP(B277,A:C,3,FALSE) -> #N/A
